 Dungeon Crawl Stone Soup version 0.28-a0-1032-ga8db75c868 (webtiles) character file.

Game seed: 6469926180559514668

3115 GenialerGandalf the Cleaver (level 9, -3/81 HPs)
             Began as a Hill Orc Fighter on Dec 7, 2021.
             Was a Believer of Beogh.
             Shot with an arrow by a centaur warrior (19 damage)
             ... on level 8 of the Dungeon.
             The game lasted 01:02:07 (8445 turns).

GenialerGandalf the Cleaver (Hill Orc Fighter)      Turns: 8445, Time: 01:02:07

Health: -3/81      AC: 13    Str: 23    XL:     9   Next: 91%
Magic:  9/9        EV:  9    Int:  8    God:    Beogh [**....]
Gold:   378        SH:  5    Dex: 10    Spells: 8/8 levels left

rFire   . . .      SeeInvis .   t - +1 war axe (drain)
rCold   . . .      Faith    .   c - +0 buckler
rNeg    . . .      Spirit   .   u - +0 chain mail
rPois   .          Reflect  .   (no helmet)
rElec   .          Harm     .   i - scarf {+Inv}
rCorr   .          Rampage  .   f - +1 pair of gloves
Will    +....                   (no boots)
Stlth   ..........              e - amulet of regeneration
HPRegen 1.03/turn               l - ring of willpower
MPRegen 0.11/turn               (no ring)

@: no status effects
A: no striking features
a: Renounce Religion, Evoke Invisibility, Smiting


You were on level 8 of the Dungeon.
You worshipped Beogh.
Beogh was pleased with you.
You visited 2 branches of the dungeon, and saw 9 of its levels.

You collected 378 gold pieces.

Inventory:

Hand Weapons
 a - a +1 war axe
 t - a +1 war axe of draining (weapon)
Missiles
 w - 2 throwing nets (quivered)
Armour
 b - a +0 scale mail
 c - a +0 buckler (worn)
 f - a +1 pair of gloves (worn)
 i - a scarf of invisibility (worn)
 u - a +0 chain mail (worn)
Jewellery
 d - a +6 ring of strength
 e - an amulet of regeneration (around neck)
 g - an amulet of the acrobat
 l - a ring of willpower (left hand)
Wands
 m - a wand of flame (16)
Scrolls
 j - a scroll of magic mapping
 k - a scroll of blinking
 n - a scroll of holy word
 o - a scroll of immolation {unknown}
 p - a scroll of amnesia {unknown}
 r - a scroll of vulnerability
 v - 2 scrolls of teleportation
 x - a scroll of identify
Potions
 h - 3 potions of heal wounds
 q - a potion of flight
 s - a potion of haste {unknown}


   Skills:
 + Level 7.8 Fighting
 + Level 11.6 Axes
 + Level 7.7 Armour
 + Level 2.9 Dodging
 + Level 1.0 Stealth
 + Level 5.3 Shields
 + Level 0.1 Evocations


You had 8 spell levels left.
You didn't know any spells.
Your spell library was empty.

Dungeon Overview and Level Annotations

Branches:
Dungeon (8/15)             Temple (1/1) D:4
   Lair: D:8-11

Altars:
Cheibriados
Dithmenos
Elyvilon
Fedhas
Gozag
Hepliaklqana
Kikubaaqudgha
Nemelex Xobeh
Qazlal
Ru
Sif Muna
Trog
Uskayaw
Vehumet
Wu Jian
Yredelemnul
Zin

Annotations:
D:2 1 runed translucent door, Crazy Yiuf
D:3 2 transporters, Dwachs's ghost, amateur OpEE


Message History

An orc comes into view. It is wielding a +2 dagger of draining.
The orc shouts!
You hear a shout!
A bullfrog comes into view.
You barely miss the orc.
The bullfrog croaks.
You hit the bullfrog. You drain the bullfrog.
You hear a shout!
The orc hits you but does no damage.
You feel drained. The bullfrog hits you.
A centaur warrior comes into view.
You hit the orc. You drain the orc.
You kill the orc!
Beogh accepts your kill.
You slash the bullfrog!
The bullfrog hits you but does no damage.
The centaur warrior wields a +0 longbow.
The centaur warrior shoots an arrow.
The arrow hits you!!
You miss the bullfrog.
The bullfrog is severely wounded.
The bullfrog barely misses you.
A centaur warrior comes into view.
It is wielding a +1 demon blade of draining.
The centaur warrior shoots an arrow.
The arrow hits you!
The bullfrog hits you but does no damage.
You slash the bullfrog!
You kill the bullfrog!
Beogh accepts your kill.
The centaur warrior unwields a +1 demon blade of draining.
The centaur warrior wields a +0 shortbow.
The centaur warrior shoots an arrow.
The arrow barely misses you.
The centaur warrior shoots an arrow.
The arrow barely misses you.
Your life force feels restored.
The centaur warrior shoots an arrow.
The arrow hits you!
The centaur warrior shoots an arrow.
The arrow hits you but does no damage.
The centaur warrior shoots an arrow.
The arrow hits you!!
* * * LOW HITPOINT WARNING * * *
You feel much better.
The centaur warrior shoots an arrow.
The arrow hits you.
The centaur warrior shoots an arrow.
The arrow hits you!!
* * * LOW HITPOINT WARNING * * *
An orc warrior comes into view.
It is wielding a +0 hand axe and carrying a wand of flame (22).
The centaur warrior shoots an arrow.
The arrow hits you!!
You die...

# # ## .# .## . # .. .#.
##. #c. # .. #.##.# . #
#... #@#.## .#.
#########....#..#...###..
#
h..o..Zho....#..#.)#o#.#
# ######!###...#.##.#...#
# ######.###.).## ##..c##
............#.# ####..#
### .#####o##...##.#
#..### ..# #....#....#
#.# ...#######.. #
##Z####....#
#.####.......####.


You could see a centaur warrior and an orc warrior.

Vanquished Creatures
  Pikel (D:5)
  A steam dragon (D:6)
  Menkaure (D:6)
  A black bear (D:7)
  2 ice beasts
  2 sky beasts
  A necrophage (D:6)
  3 ogres
  2 centaurs (D:7)
  A lemure (D:5)
  3 bullfrogs
  2 gnoll sergeants
  3 scorpions
  4 wights (D:7)
  2 howler monkeys
  A centaur zombie (D:5)
  A bullfrog zombie (D:7)
  3 hounds
  A gnoll shaman (D:5)
  2 orc priests
  A bullfrog skeleton (D:5)
  5 orc wizards
  An iguana (D:6)
  A hound skeleton (D:4)
  17 gnolls
  7 adders
  2 ufetubi
  2 dart slugs
  16 orcs
  9 ball pythons
  4 bats
  2 endoplasms (D:3)
  3 giant cockroaches
  6 hobgoblins
  4 jackals (D:2)
  3 quokkas
  3 frilled lizards
  7 goblins
  9 kobolds
  6 rats
145 creatures vanquished.

Notes
Turn   | Place    | Note
-------+----------+-------------------------------------------
     0 | D:1      | GenialerGandalf the Hill Orc Fighter began the quest for
                  | the Orb.
     0 | D:1      | Reached XP level 1. HP: 19/19 MP: 1/1
   209 | D:1      | Found a faded altar of an unknown god.
   300 | D:1      | Reached XP level 2. HP: 24/27 MP: 2/2
   657 | D:1      | Reached skill level 3 in Axes
   831 | D:1      | Reached XP level 3. HP: 33/33 MP: 3/3
  2056 | D:2      | Found a runed translucent door.
  2057 | D:2      | Noticed Crazy Yiuf
  2247 | D:3      | Became a worshipper of Beogh the Brigand
  2309 | D:3      | Reached XP level 4. HP: 34/40 MP: 4/4
  2492 | D:3      | Found a transporter.
  2512 | D:3      | Noticed Dwachs's ghost (amateur OpEE)
  2585 | D:3      | Found a transporter.
  2757 | D:3      | Reached skill level 4 in Axes
  2757 | D:3      | Reached XP level 5. HP: 41/47 MP: 5/5
  3163 | D:4      | Noticed a sky beast
  3169 | D:4      | Found a shimmering blue altar of Sif Muna.
  3243 | D:4      | Killed a sky beast
  3244 | D:4      | Reached skill level 1 in Dodging
  3366 | D:4      | Reached skill level 5 in Axes
  3366 | D:4      | Reached XP level 6. HP: 45/53 MP: 6/6
  3725 | D:4      | Found a staircase to the Ecumenical Temple.
  3739 | Temple   | Entered the Ecumenical Temple
  4174 | D:4      | Reached skill level 5 in Fighting
  4427 | D:5      | Entered Level 5 of the Dungeon
  4618 | D:5      | Reached skill level 5 in Armour
  4722 | D:5      | Reached XP level 7. HP: 48/61 MP: 7/7
  4739 | D:5      | Reached skill level 6 in Axes
  4751 | D:5      | Noticed Pikel
  4777 | D:5      | Killed Pikel
  4777 | D:5      | Reached * piety under Beogh
  4778 | D:5      | Reached skill level 7 in Axes
  4778 | D:5      | Reached XP level 8. HP: 29/70 MP: 8/8
  5017 | D:5      | Reached skill level 8 in Axes
  6192 | D:6      | Noticed Menkaure
  6204 | D:6      | Killed Menkaure
  6205 | D:6      | Reached skill level 9 in Axes
  6464 | D:5      | Reached XP level 9. HP: 78/78 MP: 9/9
  6506 | D:5      | Reached skill level 5 in Shields
  6520 | D:5      | Reached skill level 10 in Axes
  6841 | D:6      | Reached ** piety under Beogh
  7497 | D:8      | Noticed a two-headed ogre
  8038 | D:7      | Reached skill level 11 in Axes
  8151 | D:7      | Reached skill level 1 in Stealth
  8431 | D:7      | You fall into a shaft and drop 1 floor!
  8439 | D:8      | Noticed a centaur warrior
  8441 | D:8      | Noticed a centaur warrior
  8445 | D:8      | Shot with an arrow by a centaur warrior

Illustrated notes

Levels and vault maps discovered:
D:1:      ebering_trefoil_3fold, layout_basic,
          ebering_ecumenical_altar_abandoned, minmay_octomino_e4
D:2:      layout_basic, nrook_uturn, uniq_crazy_yiuf_cottage
D:3:      layout_rooms, gammafunk_ghost_stat_death, corexii_corridor_pit,
          chequers_serial_rivers_small_3
D:4:      layout_basic, nicolae_sif_muna_condensation, temple_hall,
          chequers_arboretum
D:5:      layout_loops_corners, minmay_misc_feat_more_columns, uniq_pikel
D:6:      layout_rooms, uniq_menkaure
D:7:      layout_basic
D:8:      minmay_ornate_pinched, layout_loops_ring, uniq_gastronok
Temple:   nicolae_temple_elliptical

Skill      XL: |  1  2  3  4  5  6  7  8  9 |
---------------+----------------------------+-----
Fighting       | 4 5 6 7 |  7.8
Axes           | 3 4 5 7 9 11 | 11.6
Armour         | 4 5 6 7 |  7.7
Shields        | 4 5 |  5.3
Dodging        | 1 2 |  2.9
Stealth        | 1 |  1.0
Evocations     | |  0.1

Action                   |  1- 3 |  4- 6 |  7- 9 || total
-------------------------+-------+-------+-------++-------
Melee: War axe           |   138 |   102 |   294 ||   534
Invok: Convert to Beogh  |     1 |       |       ||     1
Evoke: Wand              |       |     2 |       ||     2
  Use: Scroll            |     2 |     6 |     3 ||    11
       Potion            |       |       |     2 ||     2
Armor: Scale mail        |   111 |    69 |   115 ||   295
       Chain mail        |       |       |    49 ||    49
Dodge: Dodged            |    66 |    56 |   156 ||   278
Block: Buckler           |    25 |    32 |    70 ||   127

Table legend: (Time is in decaauts)
 A = Elapsed time spent in this place.
 B = Non-inter-level travel time spent in this place.
 C = Inter-level travel time spent in this place.
 D = Time resting spent in this place.
 E = Time spent auto-exploring this place.
 F = Levels seen in this place.
 G = Mean time per level.
                   A        B        C        D        E       F      G
               +--------+--------+--------+--------+--------+-----+--------+
         Total |   8556 |   8167 |    389 |    425 |   1262 |   9 |  950.7 |
       Dungeon |   8336 |   7962 |    374 |    425 |   1249 |   8 | 1042.0 |
        Temple |    219 |    204 |     15 |      0 |     13 |   1 |  219.0 |
               +--------+--------+--------+--------+--------+-----+--------+

Top non-repeatable levels by time:
     D:4: 1569 daAuts
     D:5: 1398 daAuts
     D:1: 1142 daAuts
     D:2: 1096 daAuts
     D:7: 998 daAuts
     D:6: 986 daAuts
     D:3: 983 daAuts
  Temple: 219 daAuts
     D:8: 160 daAuts
